 Dungeon Crawl Stone Soup version 0.28-b1-25-g9875b3fc8c (webtiles) character file.

Game seed: 14637060904550363926

7521 fragbeetle the Grappler (level 11, -7/95 HPs)
             Began as a Ghoul Gladiator on Feb 3, 2022.
             Was an Initiate of Yredelemnul.
             Mangled by a spectral orc knight (10 damage)
             ... summoned by Nergalle
             ... on level 10 of the Dungeon.
             The game lasted 00:19:22 (9641 turns).

fragbeetle the Grappler (Ghoul Gladiator)           Turns: 9641, Time: 00:19:23

Health: -7/95      AC: 11    Str: 26 (27) XL:     11   Next: 16%
Magic:  14/15      EV: 11    Int:  4 (5)  God:    Yredelemnul [......]
Gold:   645        SH:  5    Dex: 10      Spells: 6/10 levels left

rFire   + . .      SeeInvis .     - Unarmed
rCold   + . .      Faith    .   (no shield)
rNeg    + + +      Spirit   .   b - +0 scale mail {rF+}
rPois   ∞          Reflect  +   x - +0 helmet
rElec   .          Harm     .   J - +0 cloak
rCorr   .          Rampage  .   (no gloves)
Will    +....                   j - +0 pair of boots
Stlth   +.........              p - amulet of reflection
HPRegen 0.00/turn               o - ring of willpower
MPRegen 0.14/turn               z - +6 ring of strength

@: inhibited regen
A: claws 1, cold resistance 1, negative energy resistance 3, inhibited
regeneration, torment resistance 2
a: Renounce Religion, Recall Undead Harvest


You were on level 10 of the Dungeon.
You worshipped Yredelemnul.
Yredelemnul was noncommittal.
You visited 2 branches of the dungeon, and saw 11 of its levels.

You collected 645 gold pieces.

Inventory:

Hand Weapons
 r - a +0 hunting sling
Missiles
 c - 4 throwing nets (quivered)
 i - 20 poisoned darts
 s - 268 stones
 A - 5 curare-tipped darts
 D - 2 javelins
 L - 12 boomerangs of dispersal
 T - 2 boomerangs
Armour
 b - a +0 scale mail of fire resistance (worn)
 j - a +0 pair of boots (worn)
 x - a +0 helmet (worn)
 J - a +0 cloak (worn)
 K - a scarf of invisibility
Magical Staves
 B - a staff of cold
 O - a staff of poison
Jewellery
 k - an amulet of regeneration
 o - a ring of willpower (left claw)
 p - an amulet of reflection (around neck)
 v - a ring of magical power
 z - a +6 ring of strength (right claw)
Wands
 m - a wand of charming (16)
 n - a wand of flame (21)
 y - a wand of iceblast (11)
Scrolls
 d - 7 scrolls of identify {unknown}
 e - a scroll of immolation {unknown}
 f - 4 scrolls of teleportation {unknown}
 g - a scroll of holy word {unknown}
 h - a scroll of summoning {unknown}
 q - 3 scrolls of fog {unknown}
 t - 2 scrolls of brand weapon {unknown}
 G - 2 scrolls of fear {unknown}
 H - a scroll of vulnerability {unknown}
 I - a scroll of enchant weapon {unknown}
 M - a scroll of noise {unknown}
 P - 2 scrolls of amnesia {unknown}
Potions
 a - a potion of mutation
 l - 3 potions of curing
 u - a potion of haste {unknown}
 w - a potion of attraction {unknown}
 C - 4 potions of magic {unknown}
 E - a potion of degeneration {unknown}
 F - 2 potions of flight {unknown}
 N - a potion of heal wounds {unknown}
 Q - a potion of invisibility {unknown}
 R - a potion of ambrosia {unknown}
 S - a potion of might {unknown}


   Skills:
 + Level 8.6 Fighting
 - Level 2.0 Throwing
 - Level 5.0 Armour
 - Level 3.0 Dodging
 - Level 5.0 Stealth
 * Level 12.0 Unarmed Combat
 - Level 3.3 Poison Magic
 * Level 7.8 Invocations


You had 6 spell levels left.
You knew the following spells:

 Your Spells              Type           Power      Damage    Failure   Level
a - Olgreb's Toxic Radia  Pois           2%         N/A       97%         4

Your spell library contained the following spells:

 Spells                   Type           Power      Damage    Failure   Level
 Sting                    Tmut/Pois      4%         1d3       54%         1
 Poisonous Vapours        Pois/Air       2%         N/A       69%         2
 Animate Skeleton         Necr           0%         N/A       77%         1
 Apportation              Tloc           0%         N/A       77%         1
 Summon Small Mammal      Summ           0%         N/A       77%         1
 Corpse Rot               Necr/Air       0%         N/A       88%         2
 Confusing Touch          Hex            0%         N/A       98%         3
 Animate Dead             Necr           0%         N/A       100%        4
 Yara's Violent Unravell  Hex/Tmut       0%         3d3       100%        5
 Enfeeble                 Hex            0%         N/A       100%        7
 Haunt                    Necr/Summ      0%         N/A       100%        7
 Infestation              Necr           0%         N/A       100%        8


Dungeon Overview and Level Annotations

Branches:
Dungeon (10/15)            Temple (1/1) D:4
   Lair: D:8-11         Orc: D:9-12

Altars:
Ashenzari
Cheibriados
Dithmenos
Elyvilon
Fedhas
Gozag
Hepliaklqana
Kikubaaqudgha
Makhleb
Nemelex Xobeh
Okawaru
Qazlal
Ru
Sif Muna
Trog
Uskayaw
Vehumet
Wu Jian
Xom
Yredelemnul
Zin
The Shining One
Lugonu

Portals:
Abyss: D:7

Annotations:
D:6 1 runed translucent door, Duder's ghost, novice MiBe
D:10 Nergalle


Innate Abilities, Weirdness & Mutations

You thrive by killing the living.
You are immune to poison.
You have sharp fingernails.
Your flesh is cold resistant. (rC+)
You are immune to negative energy. (rN+++)
You do not regenerate when monsters are visible.
You are immune to unholy pain and torment.


Message History

The spectral orc warrior hits you with a +0 short sword!
* * * LOW HITPOINT WARNING * * *
It was a potion of mutation.
You feel extremely strange.
Your body decomposes!
You feel dopey.
Your body decomposes!
You feel weakened. The spectral orc warrior misses you.
Nergalle gestures at you while chanting.
Orcish apparitions take form around you.
The spectral orc warrior hits you with a +0 mace.
* * * LOW HITPOINT WARNING * * *
You block the spectral orc warrior's attack.
The spectral orc warrior closely misses you.
You block the spectral orc warrior's attack.
It was a potion of curing.
You feel better.
The spectral orc warrior closely misses you.
Nergalle points at you and mumbles some strange words.
Orcish apparitions take form around you.
The spectral orc warrior hits you with a +0 mace.
* * * LOW HITPOINT WARNING * * *
The spectral orc warrior misses you.
You block the spectral orc warrior's attack.
You closely miss Nergalle.
Nergalle is almost dead.
The spectral orc warrior barely misses you.
Nergalle gestures at you while chanting.
Orcish apparitions take form around you.
The spectral orc warrior hits you with a +0 mace!
* * * LOW HITPOINT WARNING * * *
The spectral orc warrior hits you with a +0 short sword!
* * * LOW HITPOINT WARNING * * *
You scratch Nergalle but do no damage.
Nergalle is almost dead.
The spectral orc warrior hits you from afar with a +0 glaive.
* * * LOW HITPOINT WARNING * * *
You block the spectral orc warrior's attack.
The spectral orc knight hits you with a +2 dire flail!
You die...
Yredelemnul claims you as an undead slave.

##.>.## ##.....## #
# ##.......## .#
.##
#.........##(#(..##
+.........+..... .
#..........#.#...#
##.......Z.......##
##.....ZZ##.##...#
##....#Z@#.#..#
#.....##oZ)..##..#
#.#....ZZZ_......#
#.#...##.....##..#
#.#...#..#.#..#
#.......##.##...
#........... ..#.#
......###.### ...#
#....># .# ###


You could see Nergalle, a spectral orc (summoned), 5 spectral orc warriors and 2
spectral orc knights.

Vanquished Creatures
  A two-headed ogre (D:10)
  A deep elf pyromancer (D:7)
  Psyche (D:8)
  2 trolls
  Grinder (D:4)
  3 shadows
  A wraith (D:10)
  A vampire (D:10)
  4 yaks (D:9)
  A steam dragon (D:6)
  Edmund (D:5)
  4 water moccasins
  An ice beast (D:7)
  A sky beast (D:8)
  A black bear (D:8)
  3 orc warriors
  8 centaurs
  A phantom (D:5)
  A bullfrog (D:8)
  2 kobold brigands
  2 water moccasin zombies (D:5)
  5 killer bees (D:7)
  4 wights (D:7)
  6 howler monkeys
  2 bullfrog zombies (D:5)
  3 centaur zombies
  An orc priest (D:7)
  3 hounds
  2 bullfrog skeletons (D:6)
  2 jellies (D:4)
  An iguana (D:5)
  4 orc wizards
  A scorpion zombie (D:5)
  Ijyb (D:5)
  A killer bee zombie (D:5)
  A hound skeleton (D:4)
  A howler monkey zombie (D:5)
  Robin (D:4)
  3 adders
  A shadow imp (D:7)
  3 white imps
  A worm (D:2)
  A dart slug (D:4)
  23 orcs
  5 ball pythons
  5 endoplasms
  2 giant cockroaches (D:1)
  7 goblins
  7 hobgoblins
  7 jackals (D:2)
  19 kobolds
  A quokka (D:3)
  4 bats
  4 frilled lizards
  A rat (D:2)
174 creatures vanquished.

Vanquished Creatures (collateral kills)
  A wyvern (D:9)
  An orc warrior (D:9)
  A centaur (D:7)
  2 howler monkeys (D:9)
  An orc priest (D:9)
  An orc wizard (D:8)
  An orc (D:8)
  2 goblins (D:4)
  3 hobgoblins (D:4)
  A frilled lizard (D:5)
  A rat (D:5)
15 creatures vanquished.

Vanquished Creatures (others)
  A water moccasin zombie (D:7)
  A killer bee zombie (D:7)
  A howler monkey zombie (D:9)
  A human zombie (D:5)
  A spectral white imp (D:7)
  2 frilled lizard zombies (D:5)
  7 orc zombies
  8 plants (D:5)
22 creatures vanquished.

Grand Total: 211 creatures vanquished

Notes
Turn   | Place    | Note
-------+----------+-------------------------------------------
     0 | D:1      | fragbeetle the Ghoul Gladiator began the quest for the Orb.
     0 | D:1      | Reached XP level 1. HP: 17/17 MP: 0/0
   153 | D:1      | Reached XP level 2. HP: 25/25 MP: 1/1
   183 | D:1      | Found a faded altar of an unknown god.
   589 | D:2      | Found a bloodstained altar of Trog.
   604 | D:2      | Reached XP level 3. HP: 29/30 MP: 2/2
   615 | D:2      | Reached skill level 4 in Unarmed Combat
   871 | D:2      | Reached XP level 4. HP: 24/38 MP: 3/3
  1287 | D:3      | Found a bloodstained altar of Trog.
  1795 | D:4      | Found an ornate altar of the Wu Jian Council.
  1823 | D:4      | Noticed Robin
  2021 | D:4      | Reached skill level 5 in Unarmed Combat
  2053 | D:4      | Reached XP level 5. HP: 45/45 MP: 4/4
  2060 | D:4      | Noticed Grinder
  2111 | D:4      | Killed Robin
  2146 | D:4      | Killed Grinder
  2147 | D:4      | Reached skill level 6 in Unarmed Combat
  2147 | D:4      | Reached XP level 6. HP: 26/53 MP: 5/5
  2617 | D:4      | Found a large runed translucent door.
  2617 | D:4      | Found a large runed translucent door.
  2789 | D:4      | Found a staircase to the Ecumenical Temple.
  2912 | Temple   | Entered the Ecumenical Temple
  3264 | D:4      | Found an iron altar of Okawaru.
  3377 | D:4      | Found an opulent altar of Gozag.
  3386 | D:4      | Found a hide-covered altar of Uskayaw.
  3421 | D:5      | Entered Level 5 of the Dungeon
  3490 | D:5      | Reached skill level 1 in Armour
  3490 | D:5      | Reached XP level 7. HP: 30/60 MP: 6/6
  3709 | D:5      | Noticed Ijyb
  3725 | D:5      | Killed Ijyb
  3743 | D:5      | Reached skill level 7 in Unarmed Combat
  3761 | D:5      | Reached skill level 5 in Fighting
  3843 | D:5      | Found a basalt altar of Yredelemnul.
  3848 | D:5      | Became a worshipper of Yredelemnul the Dark
  4192 | D:5      | Reached * piety under Yredelemnul
  4347 | D:5      | Noticed Edmund
  4360 | D:5      | Killed Edmund
  4361 | D:5      | Reached XP level 8. HP: 68/68 MP: 7/7
  4371 | D:5      | Reached ** piety under Yredelemnul
  4372 | D:5      | Reached skill level 8 in Unarmed Combat
  4401 | D:5      | Your ally Edmund died
  4717 | D:6      | Learned a level 4 spell: Olgreb's Toxic Radiance
  4834 | D:6      | Found a runed translucent door.
  4834 | D:6      | Noticed Duder's ghost (novice MiBe)
  5128 | D:6      | Reached skill level 1 in Stealth
  5142 | D:6      | Reached skill level 1 in Poison Magic
  5393 | D:7      | Found a one-way gate to the infinite horrors of the Abyss.
  5393 | D:7      | Identified the +8 short sword of an ice cave {distort, rF+}
  5582 | D:7      | Reached XP level 9. HP: 70/75 MP: 8/8
  5737 | D:7      | Reached skill level 9 in Unarmed Combat
  6133 | D:7      | Noticed a deep elf pyromancer
  6149 | D:7      | Killed a deep elf pyromancer
  6150 | D:7      | Reached skill level 5 in Armour
  6150 | D:7      | Reached skill level 1 in Invocations
  6231 | D:7      | Reached skill level 5 in Stealth
  6254 | D:7      | Reached *** piety under Yredelemnul
  6302 | D:7      | Found a large runed translucent door.
  6304 | D:7      | Found a large runed translucent door.
  6306 | D:7      | Found a corrupted altar of Lugonu.
  6800 | D:8      | Reached XP level 10. HP: 86/86 MP: 11/11
  6840 | D:8      | Reached skill level 10 in Unarmed Combat
  7148 | D:8      | Noticed Psyche
  7163 | D:8      | Killed Psyche
  7489 | D:9      | Reached skill level 5 in Invocations
  7580 | D:9      | Reached skill level 11 in Unarmed Combat
  7815 | D:9      | Reached **** piety under Yredelemnul
  8360 | D:10     | Entered Level 10 of the Dungeon
  8657 | D:10     | Noticed a two-headed ogre
  8667 | D:10     | Killed a two-headed ogre
  8668 | D:10     | Reached XP level 11. HP: 35/95 MP: 15/15
  9169 | D:10     | Found a shimmering altar of Xom.
  9173 | D:10     | Found a blossoming altar of Fedhas.
  9607 | D:10     | Found a shadowy altar of Dithmenos.
  9616 | D:10     | Noticed Nergalle
  9627 | D:10     | Reached skill level 12 in Unarmed Combat
  9641 | D:10     | HP: 3/95 [spectral orc warrior[Nergalle] (3)]
  9641 | D:10     | Mangled by a spectral orc knight

Illustrated notes

Levels and vault maps discovered:
D:1:      lightli_arrival_noodles, layout_basic,
          shapermc_ecumenical_altar_hornbeckon, st_stairs_3, hex_medium
D:2:      layout_rooms, basic_altar
D:3:      layout_loops_cross, lemuel_round_altar, old_standard_altar
D:4:      layout_basic, jmf_multi_god_temple2, nicolae_wu_jian_wuxing_cycle,
          mainiacjoe_overflow_24_doors, temple_hall, uniq_robin, uniq_grinder
D:5:      layout_basic, nicolae_yredelemnul_corpse_copse,
          amcnicky_mini_rare_corridor_liquid, lexackson_kobold_supper,
          uniq_ijyb, uniq_edmund
D:6:      layout_rooms, hellmonk_ghost_happy_afterlife,
          kennysheep_generic_room_16
D:7:      due_chaos_kobolds, layout_loops_ring, minmay_unpleasant_kobolds
D:8:      layout_basic, patterned_corridor, uniq_psyche
D:9:      wander_river, layout_basic, kennysheep_generic_room_9
D:10:     layout_loops_corners, fedhas_altar_2,
          mainiacjoe_overflow_small_starburst, mainiacjoe_overflow_tiny_flanked,
          david_orc_5, corner_web_ring, lemuel_flame_loot_1, uniq_nergalle
Temple:   minmay_temple_bridge_abc

Skill      XL: |  1  2  3  4  5  6  7  8  9 10 11 |
---------------+----------------------------------+-----
Throwing       | 2 |  2.0
Dodging        | 3 |  3.0
Unarmed Combat | 4 5 6 7 8 9 11 12 | 12.0
Fighting       | 3 4 5 7 8 |  8.6
Armour         | 1 3 4 5 |  5.0
Stealth        | 3 5 |  5.0
Poison Magic   | 2 3 |  3.3
Invocations    | 3 7 |  7.8

Action                   |  1- 3 |  4- 6 |  7- 9 | 10-12 || total
-------------------------+-------+-------+-------+-------++-------
Melee: Unarmed           |    98 |   141 |   260 |   157 ||   656
       Punch             |       |     3 |    24 |     8 ||    35
Invok: Dark Bargain      |       |       |     3 |     1 ||     4
       Recall Undead Har |       |       |     2 |     1 ||     3
Evoke: Wand              |       |     3 |     4 |     4 ||    11
  Use: Potion            |       |       |       |     2 ||     2
 Stab: Paralysed         |       |       |     9 |       ||     9
       Distracted        |       |       |     1 |       ||     1
       Sleeping          |       |       |       |     1 ||     1
Armor: Leather armour    |     7 |       |       |       ||     7
       Scale mail        |    47 |    45 |    64 |    60 ||   216
Dodge: Dodged            |    48 |    46 |   125 |    71 ||   290
Block: Other             |       |    14 |    44 |    22 ||    80
       Reflection        |       |       |     2 |     4 ||     6
